 Dungeon Crawl Stone Soup version 0.21.0-24-g2553a33 (webtiles) character file.

32 tidbits the Sneak (level 3, 4/28 HPs)
             Began as a Gnoll Wanderer on Jan 19, 2018.
             Quit the game on level 6 of the Dungeon.
             The game lasted 00:04:03 (457 turns).

tidbits the Sneak (Gnoll Wanderer)                   Turns: 457, Time: 00:04:04

Health: 4/28       AC:  3    Str: 13    XL:     3   Next: 27%
Magic:  3/3        EV: 13    Int: 15    God:
Gold:   20         SH:  0    Dex: 15    Spells: 3/3 levels left

rFire    + . .     SeeInvis .   a - +2 short sword
rCold    x . .     Gourm    .   (no shield)
rNeg     . . .     Faith    .   B - +0 robe
rPois    .         Spirit   .   E - +0 helmet
rElec    .         Reflect  .   (no cloak)
rCorr    .         Harm     .   (no gloves)
MR       .....                  (no boots)
Stlth    ++++......             (no amulet)
HPRegen  0.09/turn              k - ring of stealth
MPRegen  0.08/turn              d - ring of fire

@: no status effects
A: distributed training, fangs 1, strong nose
a: no special abilities


You were on level 6 of the Dungeon.
You were not hungry.

You visited 1 branch of the dungeon, and saw 7 of its levels.

You collected 20 gold pieces.

Inventory:

Hand Weapons
 a - a +2 short sword (weapon)
 b - a +0 spear
 e - a +0 dagger
Missiles
 g - 7 poisoned needles
 h - 20 stones (quivered)
Armour
 B - a +0 robe (worn)
 E - a +0 helmet (worn)
Jewellery
 d - a ring of fire (right hand)
   (You found it on level 6 of the Dungeon)
 k - a ring of stealth (left hand)
   (You found it on level 3 of the Dungeon)
Scrolls
 c - 3 scrolls of teleportation
 l - a scroll of enchant weapon
Comestibles
 f - 3 rations


   Skills:
 + Level 2.5 Fighting
 + Level 4.5 Short Blades
 + Level 0.6 Long Blades
 + Level 0.6 Axes
 + Level 0.6 Maces & Flails
 + Level 0.6 Polearms
 + Level 0.6 Staves
 + Level 0.6 Slings
 + Level 0.6 Bows
 + Level 0.6 Crossbows
 + Level 0.6 Throwing
 + Level 0.6 Armour
 + Level 2.5 Dodging
 + Level 5.9 Stealth
 + Level 0.6 Shields
 + Level 0.6 Unarmed Combat
 + Level 0.6 Spellcasting
 + Level 0.4 Conjurations
 + Level 0.4 Hexes
 + Level 0.4 Charms
 + Level 0.4 Summonings
 + Level 0.4 Necromancy
 + Level 0.4 Translocations
 + Level 0.4 Transmutations
 + Level 2.1 Fire Magic
 + Level 0.4 Ice Magic
 + Level 0.4 Air Magic
 + Level 0.4 Earth Magic
 + Level 3.7 Poison Magic
 + Level 0.8 Invocations
 + Level 0.6 Evocations


You had 3 spell levels left.
You didn't know any spells.

Dungeon Overview and Level Annotations

Branches:
Dungeon (7/15)
 Temple: D:4-7

Altars:
Nemelex Xobeh


Innate Abilities, Weirdness & Mutations

Your experience applies equally to all skills.
You have very sharp teeth.
Your uncanny sense of smell can sniff out nearby items.


Message History

You hit the adder.
The adder is almost dead.
The adder bites you but does no damage.
You puncture the adder!
You kill the adder!
You have reached level 3!
Your experience leads to an increase in your attributes!
Increase (S)trength, (I)ntelligence, or (D)exterity?
You feel clever.
Found a stone staircase leading down.
A centaur comes into view.
Found 8 gold pieces.
There is a stone staircase leading down here.
You climb downwards.
Found 22 stones.
Found a sparkling altar of Nemelex Xobeh.
There is a stone staircase leading up here.
Unknown command.
You open the door.
Found a ration.
There is an open door here.
You see here a ration.
f - 3 rations (gained 1)
Okay, then.
A leopard gecko zombie comes into view.
You open the door.
There is an open door here.
A centaur comes into view.
There is an open door here.
You hit the leopard gecko zombie.
The leopard gecko zombie is heavily damaged.
The leopard gecko zombie closely misses you.
You hit the leopard gecko zombie.
You destroy the leopard gecko zombie!
You open the door.
There is an open door here.
There is a fountain of sparkling water here.
There is a sparkling altar of Nemelex Xobeh here.
There is a fountain of sparkling water here.
A sky beast comes into view.
You barely miss the sky beast. The sky beast hits you.
The sky beast shocks you.
* * * LOW HITPOINT WARNING * * *
Okay, then.
You open the door. The sky beast barely misses you.
Found a stone staircase leading up.
The sky beast flickers out of sight!
There is an open door here.
Found a stone staircase leading down.
Found a centaur barding and a shiny granite ring.
There is a stone staircase leading up here.
A sky beast appears from thin air!
Found a stone staircase leading down.
The sky beast flickers out of sight!
You see here a shiny granite ring.
d - a shiny granite ring Something hits you but does no damage.
Put on which piece of jewellery? (? for menu, Esc to quit)
You feel more attuned to fire.
d - a ring of fire (right hand)
A sky beast appears from thin air!
The sky beast flickers out of sight!
There is a stone staircase leading down here.
Something hits you but does no damage.
You climb downwards.
There is a stone staircase leading up here.
You hit something. Something barely misses you.
You hit something. Something hits you.
* * * LOW HITPOINT WARNING * * *
Something shocks you.
* * * LOW HITPOINT WARNING * * *
You feel much better. Something hits you. Something shocks you.
Something hits you. Something shocks you.
* * * LOW HITPOINT WARNING * * *
You climb upwards.
There is a stone staircase leading down here.
A sky beast appears from thin air!
You barely miss the sky beast. Your bite misses the sky beast.
The sky beast is moderately wounded.
You barely miss the sky beast.
The sky beast is moderately wounded.
The sky beast completely misses you.
You miss the sky beast.
You bite the sky beast, but do no damage.
The sky beast is moderately wounded.
The sky beast barely misses you.
You hit the sky beast.
The sky beast is moderately wounded.
The sky beast misses you.
You hit the sky beast.
The sky beast is heavily wounded.
The sky beast hits you.
* * * LOW HITPOINT WARNING * * *
The sky beast shocks you.
* * * LOW HITPOINT WARNING * * *
Are you sure you want to abandon this character and quit the game? (Confirm with "yes".)

####+##.......
+..........#
#..........##
#...........#
##.>.##.....#
+....##.....+
#..........###+#
#.....Y....##... ∆ .
#......@........
.##########.≈.......
#....# ##...[..... #....#
#.......... #....#
+.......... ######....##
##≈...>....
...........#####<........
...........#....≈........
...........#.............


You could see a sky beast.

Vanquished Creatures
  An adder (D:5)
  An ooze (D:2)
  2 orcs (D:3)
  4 hobgoblins
  A jackal (D:4)
  A quokka (D:2)
  2 bats (D:2)
  A frilled lizard (D:2)
  3 kobolds
  A leopard gecko zombie (D:6)
17 creatures vanquished.

Notes
Turn   | Place    | Note
-------+----------+-------------------------------------------
     0 | D:1      | tidbits the Gnoll Wanderer began the quest for the Orb.
     0 | D:1      | tidbits set off with: a +2 short sword, a +0 spear, a scroll of teleportation, a +0 robe, a +0 dagger, a ration
     0 | D:1      | Reached XP level 1. HP: 17/17 MP: 1/1
    12 | D:1      | You fall through a shaft!
    13 | D:2      | Reached skill level 2 in Fire Magic
    13 | D:2      | Reached XP level 2. HP: 23/23 MP: 2/2
   210 | D:4      | Noticed a phantom
   340 | D:5      | Entered Level 5 of the Dungeon
   340 | D:5      | Noticed an ogre
   359 | D:5      | Reached XP level 3. HP: 14/28 MP: 3/3
   363 | D:5      | Noticed a centaur
   366 | D:6      | Found a sparkling altar of Nemelex Xobeh.
   384 | D:6      | Noticed a centaur
   410 | D:6      | Noticed a sky beast
   457 | D:6      | Quit the game

Skill      XL: |  1 |
---------------+----+-----
Fire Magic     | 2 |  2.1
Fighting       | |  2.5
Short Blades   | |  4.5
Long Blades    | |  0.6
Axes           | |  0.6
Maces & Flails | |  0.6
Polearms       | |  0.6
Staves         | |  0.6
Slings         | |  0.6
Bows           | |  0.6
Crossbows      | |  0.6
Throwing       | |  0.6
Armour         | |  0.6
Dodging        | |  2.5
Stealth        | |  5.9
Shields        | |  0.6
Unarmed Combat | |  0.6
Spellcasting   | |  0.6
Conjurations   | |  0.4
Hexes          | |  0.4
Charms         | |  0.4
Summonings     | |  0.4
Necromancy     | |  0.4
Translocations | |  0.4
Transmutations | |  0.4
Ice Magic      | |  0.4
Air Magic      | |  0.4
Earth Magic    | |  0.4
Poison Magic   | |  3.7
Invocations    | |  0.8
Evocations     | |  0.6

Action                   || total
-------------------------++-------
Melee: Short sword       ||    46
       Bite              ||     3
  Use: Scroll            ||     3
       Potion            ||     1
 Stab: Sleeping          ||     3
Armor: Robe              ||     5
Dodge: Dodged            ||    30

Table legend:
 A = Turns spent in this place as a percentage of turns spent in the entire game.
 B = Non-inter-level travel turns spent in this place as a percentage of non-inter-level travel turns spent in the entire game.
 C = Inter-level travel turns spent in this place as a percentage of turns spent in this place.
 D = Turns resting spent in this place as a percentage of non-inter-level travel turns spent in this place.
 E = Turns spent auto-exploring this place as a percentage of non-inter-level travel turns spent in this place.
 F = Non-inter-level travel turns spent in this place divided by the number of levels of this place that you've seen.
                   A       B       C       D       E      F
               +-------+-------+-------+-------+-------+----------------------
         Total | 100.0 | 100.0 |   0.0 |   0.0 |   0.0 |  65.3
       Dungeon | 100.0 | 100.0 |   0.0 |   0.0 |   0.0 |  65.3
               +-------+-------+-------+-------+-------+----------------------

Table legend:
 A = Kills in this place as a percentage of kills in entire the game.
 B = Kills by you in this place as a percentage of kills by you in the entire game.
 C = Kills by friends in this place as a percentage of kills by friends in the entire game.
 D = Other kills in this place as a percentage of other kills in the entire game.
 E = Experience gained in this place as a percentage of experience gained in the entire game.
 F = Experience gained in this place divided by the number of levels of this place that you have seen.
                   A       B       C       D       E      F
               +-------+-------+-------+-------+-------+----------------------
         Total | 100.0 | 100.0 |   N/A |   N/A | 100.0 |   6.7
       Dungeon | 100.0 | 100.0 |   N/A |   N/A | 100.0 |   6.7
               +-------+-------+-------+-------+-------+----------------------

Vault maps used:
D:1:      dpeg_arrival_morbid_curiosity
D:3:      elyvilon_altar_3, first_ration, uniq_sigmund
D:4:      cheibriados_altar_1, marbit_many_paths
D:5:      minmay_temple_entry_butterflies, grunt_decor_arrowhead, uniq_duvessa,
          uniq_grinder, uniq_menkaure
D:6:      nemelex_xobeh_ov_fountains_minmay, kennysheep_mini
D:7:      old_forge, grunt_ogre_cave
